 Dungeon Crawl Stone Soup version 0.29.1-2-gbd0b4ee654 (webtiles) character file.

Game seed: 4076175140705764913

100 mopl the Ruffian (level 4, -5/51 HPs)
             Began as a Palentonga Transmuter on Nov 20, 2022.
             Slain by a shadow (9 damage)
             ... created by the darkness of Dithmenos
             ... on level 3 of the Dungeon.
             The game lasted 00:02:37 (2481 turns).

mopl the Ruffian (Palentonga Transmuter)            Turns: 2481, Time: 00:02:38

Health: -5/51      AC: 22    Str: 15    XL:     4   Next: 46%
Magic:  8/8        EV:  1    Int: 15    God:
Gold:   138        SH:  0    Dex: 11    Spells: 7/8 levels left

rFire   + . .      SeeInvis +     - Unarmed
rCold   . . .      Faith    .   (no shield)
rNeg    . . .      Spirit   .   (body armour currently unavailable)
rPois   +          Reflect  .   (helmet currently unavailable)
rElec   .          Harm     .   (cloak currently unavailable)
rCorr   .          Rampage  .   (gloves currently unavailable)
Will    .....      NoTele   +   (no barding)
Stlth   +.........              (no amulet)
HPRegen 0.17/turn               i - ring of protection from fire
MPRegen 0.11/turn               k - +4 ring of evasion

@: tree-form
A: stationary, stasis, torment immunity, boosted hp, large, rugged brown scales
3, see invisible, (deformed body), (roll 1), (armoured tail)
a: no special abilities


You were on level 3 of the Dungeon.
You were a tree.
You visited 1 branch of the dungeon, and saw 3 of its levels.

You collected 138 gold pieces.

Inventory:

Missiles
 d - 2 poisoned darts
Armour
 h - a +0 chain mail
 l - the +2 robe of Crawling (melded) {+Blink Will+ Str-2}
   (You found it on level 2 of the Dungeon)

   Str:       It affects your strength (-2).
   +Blink:    It lets you blink.
   Will:      It increases your willpower.
Jewellery
 i - a ring of protection from fire (left branch)
 k - a +4 ring of evasion (right branch)
Scrolls
 e - 4 scrolls of identify {unknown}
 g - a scroll of teleportation {unknown}
 j - a scroll of noise {unknown}
Potions
 a - a potion of mutation {unknown}
 c - 3 potions of might {unknown}
 f - 2 potions of curing {unknown}


   Skills:
 - Level 1.0 Fighting
 - Level 1.5 Dodging
 * Level 4.3 Unarmed Combat
 + Level 2.7 Spellcasting
 + Level 2.9 Transmutations


You had 7 spell levels left.
You knew the following spells:

 Your Spells              Type           Power      Damage    Failure   Level
a - Beastly Appendage     Tmut           20%        N/A       6%          1

Your spell library contained the following spells:

 Spells                   Type           Power      Damage    Failure   Level
 Wereblood                Tmut           10%        N/A       10%         2
 Ensorcelled Hibernation  Hex/Ice        4%         N/A       30%         2
 Spider Form              Tmut/Pois      6%         N/A       34%         3
 Ice Form                 Ice/Tmut       6%         N/A       75%         4
 Anguish                  Hex/Necr       1%         N/A       90%         4


Dungeon Overview and Level Annotations

Branches:
Dungeon (3/15)

Altars:
Dithmenos

Shops:
D:1 *


Innate Abilities, Weirdness & Mutations

You are a tree.
Your roots penetrate the ground, keeping you stationary.
You cannot be teleported.
You are immune to unholy pain and torment.
Your maximum health is greatly increased.
Your equipment is partially melded.
(You are completely covered in rugged brown scales. (AC +3, +7% HP))
You have supernaturally acute eyesight. (SInv)
((Armour fits poorly on your strangely shaped body.))
((You can roll at nearby foes to attack.))
((You have a long armoured tail.))


Message History

The orc priest shouts!
You smack the shadow demon!
The shadow demon is almost dead.
The shadow demon hits you but does no damage. x2
The shadow hits you.
Unknown command.
You hit the shadow demon.
You kill the shadow demon!
That felt strangely unrewarding.
The orc dissolves into shadows!
The orc wizard dissolves into shadows!
The orc priest dissolves into shadows!
The orc dissolves into shadows!
The jackal dissolves into shadows!
The hobgoblin dissolves into shadows!
The shadow hits you.
The shadow demon hits you but does no damage.
You barely miss the shadow demon.
The sky beast flickers out of sight for a moment.
The sky beast hits you but does no damage.
Unknown command.
You smack the shadow demon!
The shadow demon is moderately wounded.
The shadow demon hits you but does no damage.
The shadow hits you. The sky beast completely misses you.
Unknown command.
You barely miss the shadow demon.
The shadow demon is moderately wounded.
The shadow hits you. The shadow demon hits you.
The sky beast hits you but does no damage.
Unknown command.
You smack the shadow demon!
The shadow demon is heavily wounded.
The shadow demon hits you but does no damage.
The shadow hits you.
* * * LOW HITPOINT WARNING * * *
The sky beast hits you but does no damage.
Unknown command.
You smack the shadow demon!
The shadow demon is severely wounded.
The shadow demon hits you!
* * * LOW HITPOINT WARNING * * *
The shadow hits you!
You die...

. <....##.# .###
....# #.# ...
.....##.# ..# ..
#.#.. ###.# ##.
#.## ..g. #.# #.#
#g######.# #).
#2Yr.....## ##.#
#♣##.#.#..##
##.##
#W##.#.....###.##
#W.....#......##
#.##...##.##.##
#.##...##.##.#
#?...........#
####.#.####### #.


You could see a shadow demon, a sky beast (summoned, invisible), 2 shadows, a
hobgoblin (summoned), a goblin (summoned) and a rat (summoned).

Vanquished Creatures
  A shadow demon (D:3)
  A hound (D:3)
  2 adders (D:2)
  A worm (D:2)
  3 dart slugs
  3 endoplasms
  2 goblins
  4 hobgoblins (D:1)
  3 jackals (D:1)
  5 kobolds
  A quokka (D:1)
  5 ball pythons
  7 bats
  3 frilled lizards (D:2)
  2 rats (D:2)
43 creatures vanquished.

Notes
Turn   | Place    | Note
-------+----------+-------------------------------------------
     0 | D:1      | mopl the Palentonga Transmuter began the quest for the Orb.
     0 | D:1      | Reached XP level 1. HP: 16/16 MP: 3/3
    57 | D:1      | Reached XP level 2. HP: 17/22 MP: 3/5
   356 | D:1      | Found Ciemer's General Store.
   982 | D:1      | Reached XP level 3. HP: 13/27 MP: 6/6
  1525 | D:2      | Identified the +2 robe of Crawling {+Blink Will+ Str-2}
  1568 | D:2      | Found a faded altar of an unknown god.
  1582 | D:2      | Reached skill level 4 in Unarmed Combat
  1898 | D:2      | Reached XP level 4. HP: 16/34 MP: 7/7
  2128 | D:2      | Prayed at the altar of an unknown god.
  2128 | D:2      | Became a worshipper of Dithmenos the Shadowed
  2128 | D:2      | Reached * piety under Dithmenos
  2129 | D:2      | Fell from the grace of Dithmenos
  2463 | D:3      | Noticed a shadow
  2463 | D:3      | Noticed a shadow demon
  2463 | D:3      | Noticed a shadow demon
  2463 | D:3      | Noticed a shadow
  2474 | D:3      | Noticed a sky beast
  2476 | D:3      | Killed a shadow demon
  2481 | D:3      | Slain by a shadow

Illustrated notes

Levels and vault maps discovered:
D:1:      lemuel_arrival_cross, layout_loops_corners, serial_shops,
          nicolae_square_shop, grunt_decor_mini_mirrors
D:2:      layout_basic, nicolae_ecumenical_oubliette,
          kennysheep_cross_bottleneck
D:3:      layout_loops_corners, chequers_serial_rivers_large_b, uniq_ijyb

Skill      XL: |  1  2  3 |
---------------+----------+-----
Unarmed Combat | 4 |  4.3
Fighting       | |  1.0
Dodging        | |  1.5
Spellcasting   | |  2.7
Transmutations | |  2.9

Action                   |  1- 3 |  4- 6 || total
-------------------------+-------+-------++-------
Melee: Unarmed           |   144 |    38 ||   182
       Tailslap          |     9 |     2 ||    11
       Punch             |     5 |     2 ||     7
 Cast: Beastly Appendage |     1 |     1 ||     2
Invok: Renounce Religion |       |     1 ||     1
  Use: Potion            |       |     1 ||     1
Armor: Robe              |    25 |     8 ||    33
       Chain mail        |    50 |       ||    50
       Skin              |       |    26 ||    26
Dodge: Dodged            |    58 |    17 ||    75
